 Dungeon Crawl Stone Soup version 0.19-b1-3-g7dea586 (webtiles) character file.

137 dorian the Skirmisher (level 5, 0/57 HPs)
             Began as an Ogre Hunter on Oct 28, 2016.
             Slain by a gnoll
             ... wielding a +0 whip
              (9 damage)
             ... on level 2 of the Dungeon.
             The game lasted 00:04:45 (1615 turns).

dorian the Skirmisher (Ogre Hunter)                 Turns: 1615, Time: 00:04:45

Health: 0/57       AC:  3    Str: 18    XL:     5   Next: 20%
Magic:  5/5        EV: 10    Int: 10    God:
Gold:   55         SH:  0    Dex: 10    Spells: 0 memorised, 4 levels left

rFire  . . .     SeeInvis .     k - +0 mace
rCold  . . .     Gourm    .     b - +0 robe
rNeg   . . .     Faith    .     (no shield)
rPois  .         Spirit   .     (helmet restricted)
rElec  .         Reflect  .     (no cloak)
rCorr  .         Harm     .     (gloves unavailable)
MR     .....                    (boots unavailable)
Stlth  +.........               i - amulet of regeneration
                                (no ring)
                                (no ring)

@: no status effects
A: unfitting armour, tough skin 1
a: no special abilities


You were on level 2 of the Dungeon.
You were not hungry.

You visited 1 branch of the dungeon, and saw 2 of its levels.

You collected 55 gold pieces.

Inventory:

Hand Weapons
 a - a +0 short sword
 k - a +0 mace (weapon)
Armour
 b - a +0 robe (worn)
Jewellery
 i - an amulet of regeneration (around neck)
Scrolls
 e - 2 scrolls of teleportation {unknown}
 j - 2 scrolls of identify {unknown}
 o - a scroll of magic mapping {unknown}
 q - a scroll of amnesia {unknown}
Potions
 l - a potion of magic {unknown}
 n - a potion of curing {unknown}
 p - 2 potions of degeneration {unknown}
Comestibles
 f - 2 bread rations
 g - 2 meat rations
 h - 6 chunks of flesh
 m - a slice of pizza


   Skills:
 + Level 5.5 Fighting
 + Level 5.1 Throwing
 - Level 1.7 Dodging
 - Level 0.6 Stealth


You had 4 spell levels left.
You didn't know any spells.

Dungeon Overview and Level Annotations

Branches:
Dungeon (2/15)

Altars:
Cheibriados


Innate Abilities, Weirdness & Mutations

You are too large for most types of armour.
You have tough skin. (AC +1)


Message History

You kill the gnoll!
The gnoll hits you with a whip.
* * * LOW HITPOINT WARNING * * *
The gnoll misses you. The gnoll misses you.
Things that are here:
a halberd; 2 large rocks; a gnoll corpse You hit the gnoll.
The gnoll is moderately wounded.
The gnoll closely misses you. The gnoll barely misses you.
The gnoll hits you with a whip.
* * * LOW HITPOINT WARNING * * *
Firing (i - inventory): No suitable missiles.
Press: ? - help, Shift-Dir - straight line, f - gnoll
Aim: a gnoll, wielding a halberd (moderately wounded)
Okay, then.
You hit the gnoll.
The gnoll is severely wounded.
The gnoll barely misses you. The gnoll hits you with a whip!
You die...

# #.##.####
##..........
#.##.##.#
##.....####
#.......#
##...## #
####....#####
##.##
###......#
### #..###.#
#..# #.#
..(.. #g#
####.#.#@#
#.#.#g# #.#
#(# #.# #.#
gg.g..?(#
#g###.### #.
#


You could see 2 gnolls.

Vanquished Creatures
  An adder (D:2)
  6 gnolls
  2 oozes
  3 worms (D:2)
  2 dart slugs
  A leopard gecko (D:1)
  A ball python (D:2)
  4 bats
  2 giant cockroaches
  10 goblins
  3 hobgoblins
  2 frilled lizards (D:2)
  9 kobolds
  5 rats
51 creatures vanquished.

Notes
Turn   | Place    | Note
-------+----------+-------------------------------------------
     0 | D:1      | dorian the Ogre Hunter began the quest for the Orb.
     0 | D:1      | Reached XP level 1. HP: 22/22 MP: 1/1
   309 | D:1      | Reached XP level 2. HP: 27/31 MP: 2/2
   603 | D:1      | Reached XP level 3. HP: 39/39 MP: 3/3
   999 | D:2      | Found a snail-covered altar of Cheibriados.
  1190 | D:2      | Reached XP level 4. HP: 26/49 MP: 4/4
  1416 | D:2      | Reached skill level 5 in Fighting
  1573 | D:2      | Reached skill level 5 in Throwing
  1573 | D:2      | Reached XP level 5. HP: 53/57 MP: 5/5
  1615 | D:2      | Slain by a gnoll

Skill      XL: |  1  2  3  4 |
---------------+-------------+-----
Fighting       | 3 4 5 |  5.5
Throwing       | 5 |  5.1
Dodging        | |  1.7
Stealth        | |  0.6

Action                   |  1- 3 |  4- 6 || total
-------------------------+-------+-------++-------
Melee: Short sword       |    17 |       ||    17
       Mace              |    95 |    77 ||   172
Throw: Large rock        |     9 |     6 ||    15
       Throwing net      |       |     2 ||     2
 Stab: Held in net/web   |       |     1 ||     1
  Eat: Chunk             |     1 |     2 ||     3
Armor: Robe              |    39 |    23 ||    62
Dodge: Dodged            |    76 |    54 ||   130
